 Dungeon Crawl Stone Soup version 0.14-a0-3154-g428849b (webtiles) character file.

235 Deemzul the Cudgeler (level 5, 0/54 HPs)
             Began as an Ogre Fighter on Mar 9, 2014.
             Was an Initiate of Cheibriados.
             Slain by Deemzul's ghost (12 damage)
             ... on Level 4 of the Dungeon.
             The game lasted 00:03:59 (2821 turns).

Deemzul the Cudgeler (Ogre Fighter)                 Turns: 2821, Time: 00:03:59

HP   0/54        AC  4     Str 22      XL: 5   Next: 20%
MP   5/5         EV  8     Int  8      God: Cheibriados [......]
Gold 98          SH 17     Dex 11      Spells:  0 memorised,  4 levels left

rFire  . . .     SeeInvis .     a - +0 flail
rCold  . . .     Clarity  .     b - +0 robe
rNeg   . . .     Conserve .     c - +0 shield
rPois  .         rCorr    .     (helmet restricted)
rElec  .         rRot     .     n - +0 cloak (curse)
SustAb . .       Spirit   .     (gloves unavailable)
rMut   .         Warding  .     (boots unavailable)
Saprov + . .     Stasis   .     (no amulet)
MR     .....                    (no ring)
                                (no ring)

@: very slow, not resistant to hostile enchantments, unstealthy
A: unfitting armour, fast metabolism 1, saprovore 1, tough skin 1
a: Bend Time, Renounce Religion


You were on level 4 of the Dungeon.
You worshipped Cheibriados.
Cheibriados was noncommittal.
You were not hungry.

You visited 1 branch of the dungeon, and saw 4 of its levels.

You collected 98 gold pieces.

Inventory:

Hand weapons
 a - a +0,+0 flail (weapon)
Armour
 b - a +0 robe (worn)
 c - a +0 shield (worn)
 n - a cursed +0 cloak (worn)
Magical devices
 s - a wand of invisibility (4) {unknown}
Comestibles
 d - 3 meat rations
 f - an apple
 u - a lemon
Scrolls
 e - 2 scrolls of magic mapping
 h - a scroll of immolation {unknown}
 m - a scroll of fog {unknown}
 q - a scroll of identify {unknown}
Potions
 g - 2 potions of agility {unknown}
 i - a potion of speed {unknown}
 j - a potion of paralysis {unknown}
 k - a potion of might {unknown}
 l - a potion of brilliance {unknown}
 o - 4 potions of curing
 p - 2 potions of restore abilities {unknown}
 r - a potion of beneficial mutation {unknown}
 t - a potion of magic {unknown}


   Skills:
 - Level 4.0 Fighting
 * Level 6.9 Maces & Flails
 - Level 2.6 Dodging
 - Level 2.6 Shields
 + Level 0.0 Invocations


You had 4 spell levels left.
You didn't know any spells.

Dungeon Overview and Level Annotations

Branches:
Dungeon (4/16)
 Temple: D:4-7

Altars:
Cheibriados
Xom
The Shining One

Annotations:
D:4 Deemzul's ghost, average MiFi


Innate Abilities, Weirdness & Mutations

You are too large for most types of armour.
You have a fast metabolism.
You can tolerate rotten meat.
You have tough skin (AC +1).


Message History

Deemzul's ghost turns its malevolent gaze towards you.
Deemzul's ghost is nearby!
Deemzul's ghost is nearby!
You closely miss Deemzul's ghost.
Deemzul's ghost says, "I am invincible!"
Deemzul's ghost hits you!
You hit Deemzul's ghost but do no damage.
You block Deemzul's ghost's attack.
You hit Deemzul's ghost.
Deemzul's ghost is lightly damaged.
Deemzul's ghost hits you!
Press: ? - help, v - describe, . - travel
Here: Deemzul's ghost (lightly damaged)
The floor.
Deemzul's ghost hits you!
* * * LOW HITPOINT WARNING * * *
An orc comes into view. It is wielding a short sword.
The orc shouts!
Deemzul's ghost hits you!
You die...

#...<#.# #....#.#
#....#.#
.....#.#'########+#
#...............#.#####
+...............#.....##
#...#.......o...........
#...#.................^..
#...#..........p@.?......
#...#...........#..##.###
########.########..# #.#
..# #.# ... ... .... ...
..... #.... .... #.... .


You could see Deemzul's ghost and an orc.

Vanquished Creatures
  An orc priest (D:3)
  4 adders
  2 worms
  7 orcs
  3 bats
  2 giant cockroaches
  5 goblins
  6 hobgoblins
  6 kobolds
  A quokka (D:4)
  2 giant geckos (D:1)
  4 giant newts
  4 jackals (D:2)
  9 rats
56 creatures vanquished.

Notes
Turn   | Place    | Note
--------------------------------------------------------------
     0 | D:1      | Deemzul, the Ogre Fighter, began the quest for the Orb.
     0 | D:1      | Reached XP level 1. HP: 24/24 MP: 1/1
   145 | D:1      | Reached XP level 2. HP: 32/32 MP: 2/2
  1019 | D:2      | Reached XP level 3. HP: 36/39 MP: 3/3
  1399 | D:2      | Reached skill level 5 in Maces & Flails
  1622 | D:2      | Reached XP level 4. HP: 35/48 MP: 4/4
  1894 | D:3      | Reached skill level 6 in Maces & Flails
  2218 | D:3      | Reached XP level 5. HP: 46/54 MP: 5/5
  2328 | D:3      | Found a shimmering altar of Xom.
  2347 | D:3      | Found a glowing golden altar of the Shining One.
  2347 | D:3      | Found a snail-covered altar of Cheibriados.
  2369 | D:3      | Became a worshipper of Cheibriados the Contemplative
  2813 | D:4      | Noticed Deemzul's ghost (average MiFi)
  2821 | D:4      | Slain by Deemzul's ghost

Action                   |  1- 3 |  4- 6 || total
-------------------------+-------+-------++-------
Melee: Flail             |   128 |    81 ||   209
  Use: Scroll            |       |     2 ||     2
       Potion            |       |     1 ||     1
